Map: Backcountry

Players

neulaender

  • Race: Zerg Zerg
  • Spawn Location: 11:00

Baumdoktor

  • Race: Protoss Protoss
  • Spawn Location: 9:00

BennTenn

  • Race: Terran Terran
  • Spawn Location: 11:00

A.I. 3 (Elite)

  • Race: Terran Terran
  • Spawn Location: 5:00

A.I. 4 (Very Hard)

  • Race: Protoss Protoss
  • Spawn Location: 5:00

A.I. 5 (Elite)

  • Race: Terran Terran
  • Spawn Location: 5:00

VOD

Have the link to the VOD?

Description

Time

  • Played on: Oct. 13, 2016, 12:37 p.m.
  • Length: 5:53
Show
View Real Time Build Order
Export as new Build Order

neulaender Zerg 

Build Orders: Pool First 

Get SALT Encoding   

  12  0:02  Drone  
  13  0:09  Drone  
  14  0:20  Overlord  
  14  0:35  Spawning Pool  
  13  0:37  Drone  
  13  0:41  Drone  
  15  0:45  Drone  
  16  1:09  Hatchery  
  15  1:14  Drone  
  15  1:15  Drone  
  17  1:19  Extractor  
  17  1:20  Drone  
  17  1:31  Queen  
  19  1:35  Drone  
  20  1:42  Drone  
  21  1:52  Drone  
  22  2:00  Overlord  
  22  2:11  Overlord  
  22  2:21  Metabolic Boost  
  22  2:23  Zergling x2  
  22  2:25  Zergling x2  
  24  2:30  Evolution Chamber  
  24  2:32  Drone  
  24  2:35  Extractor  
  23  2:37  Queen  
  23  2:40  Drone x3  
  28  2:45  Drone  
  28  2:47  Drone  
  30  2:59  Drone  
  30  3:01  Drone  
  30  3:02  Drone  
  30  3:04  Drone  
  30  3:05  Drone  
  35  3:09  Zerg Missile Weapons Level 1  
  35  3:27  Roach Warren  
  35  3:28  Drone  
  35  3:30  Drone x2  
  37  3:34  Lair  
  37  3:38  Drone  
  37  3:40  Drone  
  39  3:43  Drone x2  
  39  3:48  Overlord  
  41  4:01  Spine Crawler  
  39  4:12  Roach  
  39  4:13  Roach x5  
  50  4:21  Roach  
  50  4:23  Overlord x2  
  52  4:31  Glial Reconstitution  
  52  4:43  Zergling x12  
  56  4:52  Spine Crawler  
  37  5:07  Roach  
  37  5:08  Roach x7  
  35  5:28  Spawning Pool  
  26  5:37  Drone  
  26  5:38  Drone  
Show
View Real Time Build Order
Export as new Build Order

Baumdoktor Protoss 

Build Orders: 1 Gate Expand 

Get SALT Encoding   

  12  0:01  Probe (Chrono Boost)  
  13  0:12  Probe (Chrono Boost)  
  14  0:19  Pylon  
  14  0:23  Probe (Chrono Boost)  
  15  0:38  Probe (Chrono Boost)  
  15  0:39  Gateway  
  16  0:48  Probe (Chrono Boost)  
  17  0:55  Pylon  
  17  0:59  Probe (Chrono Boost)  
  17  1:00  Assimilator  
  18  1:08  Assimilator  
  18  1:13  Probe (Chrono Boost)  
  19  1:23  Probe (Chrono Boost)  
  20  1:38  Nexus  
  20  1:47  Cybernetics Core  
  20  1:52  Probe (Chrono Boost)  
  21  2:02  Probe (Chrono Boost)  
  22  2:13  Probe (Chrono Boost)  
  22  2:15  Pylon  
  23  2:25  Probe (Chrono Boost)  
  24  2:36  Probe (Chrono Boost)  
  25  2:37  Warp Gate  
  25  2:39  Forge  
  25  2:46  Mothership Core (Chrono Boost)  
  27  2:52  Probe (Chrono Boost)  
  28  3:03  Probe (Chrono Boost)  
  28  3:05  Probe (Chrono Boost)  
  30  3:10  Assimilator  
  30  3:13  Probe (Chrono Boost)  
  30  3:14  Assimilator  
  30  3:17  Pylon  
  31  3:24  Probe (Chrono Boost)  
  32  3:35  Probe (Chrono Boost)  
  32  3:39  Gateway  
  32  3:40  Gateway  
  33  3:44  Gateway  
  33  3:45  Probe (Chrono Boost)  
  33  3:46  Gateway  
  34  3:50  Gateway  
  34  3:56  Probe (Chrono Boost)  
  33  4:06  Probe (Chrono Boost)  
  34  4:12  Mothership Core (Chrono Boost)  
  32  4:46  Pylon  
  32  4:50  Pylon  
  32  4:53  Pylon  
  32  5:05  Zealot x2  
  32  5:06  Zealot  
  38  5:15  Zealot x2  
Show
View Real Time Build Order
Export as new Build Order

BennTenn Terran 

Build Orders:  

Get SALT Encoding   

  12  0:03  SCV  
  13  0:16  SCV  
  13  0:20  Supply Depot  
  14  0:30  SCV  
  15  0:42  SCV  
  16  0:47  Barracks  
  16  0:54  Engineering Bay  
  16  0:55  SCV  
  17  1:04  Refinery  
  17  1:08  SCV  
  18  1:25  SCV  
  19  1:26  Refinery  
  19  1:40  Orbital Command  
  19  1:45  Marine  
  20  2:06  SCV  
  20  2:07  Marine  
  22  2:18  SCV  
  23  2:24  Command Center, Supply Depot  
  23  2:41  Barracks Tech Lab  
  23  2:44  Terran Infantry Weapons Level 1  
  23  3:04  SCV  
  23  3:05  Marine  
  25  3:23  Refinery  
  25  3:26  Factory, SCV  
  26  3:28  Marine  
  27  3:42  SCV  
  27  3:46  SCV  
  29  3:57  Marauder  
  29  3:58  SCV  
  28  4:12  Hellion  
  30  4:19  Marauder  
  32  4:25  Barracks  
  30  4:33  Hellion  
  30  4:36  SCV  
  33  4:39  SCV  
  33  4:40  Marauder  
  36  4:48  SCV  
  35  4:55  Hellion  
  33  5:00  SCV  
  33  5:02  Marauder  
  34  5:18  Marine  
  33  5:23  Marauder  
  33  5:27  Bunker  
  33  5:37  SCV  
Show
View Real Time Build Order
Export as new Build Order

A.I. 3 (Elite) Terran 

Build Orders: MMM Bio 

Get SALT Encoding   

  12  0:01  SCV  
  13  0:13  SCV  
  14  0:19  Supply Depot  
  14  0:25  SCV  
  15  0:40  SCV  
  15  0:42  Barracks  
  16  0:46  Refinery  
  16  0:52  SCV  
  17  1:04  Barracks, SCV  
  18  1:16  SCV  
  19  1:28  Marine  
  19  1:31  Orbital Command  
  20  1:43  Barracks  
  20  1:46  Marine  
  21  1:50  Marine  
  22  2:00  Supply Depot  
  22  2:01  SCV  
  22  2:06  Barracks Tech Lab  
  23  2:09  Barracks Tech Lab  
  23  2:21  SCV  
  24  2:23  Marine  
  24  2:27  Stimpack, Marine  
  24  2:29  Concussive Shells  
  26  2:30  Marine  
  27  2:37  Supply Depot  
  27  2:41  Marine  
  28  2:45  Marine  
  28  2:46  SCV  
  28  2:48  Marine  
  31  3:00  Marauder  
  31  3:04  Marauder  
  35  3:05  Supply Depot  
  35  3:06  Marine  
  36  3:20  Marine, SCV  
  36  3:21  Combat Shields  
  36  3:23  Marine  
  36  3:27  Supply Depot, Marine  
  40  3:39  Marauder  
  42  3:41  Marine  
  42  3:45  Marauder  
  42  3:46  Refinery  
  45  4:03  Marauder  
  45  4:06  Marauder  
  45  4:09  SCV  
  50  4:10  Supply Depot  
  50  4:21  SCV  
  51  4:25  Marauder  
  51  4:31  Command Center  
  53  4:34  SCV  
  54  4:40  Marauder  
  56  4:52  Factory  
  56  4:54  Engineering Bay  
  56  5:12  Engineering Bay  
  56  5:17  Marine  
  56  5:19  Barracks Reactor  
  56  5:20  Marine  
  55  5:38  Supply Depot  
Show
View Real Time Build Order
Export as new Build Order

A.I. 4 (Very Hard) Protoss 

Build Orders:  

Get SALT Encoding   

  12  0:01  Probe (Chrono Boost)  
  13  0:12  Probe (Chrono Boost)  
  14  0:21  Pylon  
  14  0:22  Probe (Chrono Boost)  
  15  0:39  Probe (Chrono Boost)  
  16  0:48  Assimilator  
  17  0:50  Probe (Chrono Boost)  
  17  0:51  Gateway  
  17  1:00  Probe (Chrono Boost)  
  17  1:01  Pylon  
  18  1:11  Probe (Chrono Boost)  
  19  1:21  Probe (Chrono Boost)  
  20  1:32  Probe (Chrono Boost)  
  21  1:36  Zealot  
  23  1:41  Cybernetics Core  
  23  1:44  Gateway  
  23  1:45  Probe (Chrono Boost)  
  24  1:56  Pylon  
  24  1:57  Probe (Chrono Boost)  
  25  2:02  Zealot  
  25  2:08  Probe (Chrono Boost)  
  28  2:11  Warp Gate  
  28  2:19  Probe (Chrono Boost)  
  29  2:27  Adept  
  31  2:30  Adept  
  31  2:37  Gateway  
  33  2:44  Gateway  
  33  2:54  Adept  
  33  2:56  Adept  
  37  3:03  Probe (Chrono Boost)  
  38  3:06  Pylon  
  38  3:23  Adept x2  
  38  3:24  Adept  
  44  3:31  Adept  
  44  3:33  Pylon  
  46  3:42  Twilight Council  
  45  4:07  Pylon  
  45  4:35  Assimilator  
  45  4:43  Zealot  
  45  4:44  Templar Archives  
  47  4:54  Zealot  
  47  4:59  Probe (Chrono Boost)  
  48  5:05  Nexus  
  48  5:21  High Templar  
  48  5:28  Zealot  
  50  5:47  High Templar  
Show
View Real Time Build Order
Export as new Build Order

A.I. 5 (Elite) Terran 

Build Orders:  

Get SALT Encoding   

  12  0:01  SCV  
  13  0:13  SCV  
  14  0:18  Supply Depot  
  14  0:25  SCV  
  15  0:40  SCV  
  16  0:43  Barracks  
  16  0:52  SCV  
  17  1:04  SCV  
  17  1:11  Refinery  
  18  1:13  Supply Depot  
  18  1:16  SCV  
  19  1:28  SCV  
  19  1:32  Marine  
  21  1:42  Command Center  
  21  2:04  Barracks  
  21  2:06  SCV  
  22  2:09  Marine  
  23  2:15  Factory  
  23  2:18  SCV  
  24  2:23  Supply Depot  
  24  2:28  Marine  
  25  2:30  SCV  
  26  2:43  SCV  
  27  2:46  Marine  
  28  2:54  Orbital Command  
  28  2:55  SCV  
  29  3:00  Refinery  
  29  3:01  Factory Tech Lab  
  29  3:10  Orbital Command  
  29  3:13  Marine  
  29  3:16  Marine  
  31  3:21  SCV  
  32  3:30  Marine  
  32  3:33  Marine, SCV  
  35  3:36  SCV  
  36  3:44  Barracks  
  36  3:45  SCV  
  36  3:48  Marine, SCV  
  38  3:52  Barracks Tech Lab  
  39  3:57  SCV  
  39  3:59  Starport  
  39  4:00  SCV  
  41  4:08  Barracks Tech Lab  
  41  4:09  SCV  
  42  4:10  Marine  
  42  4:12  SCV  
  44  4:20  Supply Depot  
  44  4:22  SCV  
  45  4:24  SCV  
  45  4:25  Marine  
  45  4:26  Combat Shields  
  45  4:28  Marine  
  48  4:31  Marine  
  48  4:34  SCV  
  48  4:36  Medivac  
  52  4:40  SCV  
  52  4:43  Marine  
  54  4:45  Marine  
  54  4:46  Supply Depot, SCV  
  54  4:48  Supply Depot  
  54  4:49  Marine  
  57  4:56  SCV  
  57  4:58  SCV  
  59  5:01  Marine  
  59  5:04  Marauder  
  62  5:07  Refinery  
  62  5:08  SCV  
  62  5:10  SCV  
  62  5:13  Refinery  
  64  5:19  Marauder  
  64  5:20  Engineering Bay, Barracks Reactor, SCV  
  67  5:22  SCV  
  67  5:25  Marauder  
  67  5:26  Command Center  
  69  5:38  SCV  
  73  5:44  Supply Depot  
Tags
 
Add a new tag
Caveats
  • Supply blocks, unpowered buildings, or Contaminate may cause inaccurate times.
  • Supply counts are checked every 10 seconds.